 Dungeon Crawl Stone Soup version 0.27.1-34-g3ba077fa99 (webtiles) character file.

Game seed: 5891891073601630004

3607 Vylera the Cleaver (level 10, -13/77 HPs)
             Began as a Formicid Chaos Knight on Jan 2, 2022.
             Was a Plaything of Xom.
             Mangled by Gastronok the titan (32 damage)
             ... on level 8 of the Dungeon.
             The game lasted 00:24:21 (7264 turns).

Vylera the Cleaver (Formicid Chaos Knight)          Turns: 7264, Time: 00:24:21

Health: -13/77     AC:  8    Str: 19 (22) XL:     10   Next: 32%
Magic:  10/10      EV: 11    Int: 16 (18) God:    Xom [...*..]
Gold:   133        SH:  0    Dex: 10 (13) Spells: 5/9 levels left

rFire    . . .     SeeInvis +   a - +9 broad axe "Ottub" {flame, rC+ SInv Stlth+}
rCold    + + +     Faith    .   (no shield)
rNeg     . . .     Spirit   .   v - +2 leather armour
rPois    +         Reflect  .   (helmet unavailable)
rElec    .         Harm     .   (no cloak)
rCorr    .         Rampage  .   (no gloves)
Will     +....                  D - +1 pair of boots "Kocsiyvy" {Str+3 Dex+2 Slay+2}
Stlth    ++++......             u - amulet of the acrobat
HPRegen  0.22/turn              h - +6 ring of intelligence
MPRegen  0.12/turn              (no ring)

@: no status effects
A: permanent stasis, dig shafts and tunnels, antennae 3, four strong arms, beak,
talons 1, cold resistance 2, poison resistance
a: Dig, Shaft Self, Renounce Religion


You were on level 8 of the Dungeon.
You worshipped Xom.
You were a favourite toy of Xom.
You visited 1 branch of the dungeon, and saw 8 of its levels.
You also visited: Sewer.

You collected 380 gold pieces.
You spent 247 gold pieces at shops.

Inventory:

Hand Weapons
 a - the +9 broad axe "Ottub" (weapon) {flame, rC+ SInv Stlth+}
   (Xom gifted it to you on level 2 of the Dungeon)

   It burns those it strikes, dealing additional fire damage.
   Big, fiery blades are also staple armaments of hydra-hunters.
   rC:        It protects you from cold.
   SInv:      It lets you see invisible.
   Stlth:     It makes you more stealthy.
 b - a +0 hunting sling
 i - a +0 hand axe of chaos
 B - a +2 glaive of chaos
Missiles
 d - 6 boomerangs
 e - 7 atropa-tipped darts
 m - 18 poisoned darts
 n - 5 silver javelins
 z - 19 sling bullets
Armour
 v - a +2 leather armour (worn)
 D - the +1 pair of boots "Kocsiyvy" (worn) {Str+3 Dex+2 Slay+2}
   (You bought it in a shop on level 5 of the Dungeon)

   Str:       It affects your strength (+3).
   Dex:       It affects your dexterity (+2).
   Slay:      It affects your accuracy & damage with ranged weapons and melee
   (+2).
Jewellery
 h - a +6 ring of intelligence (left hand)
 u - an amulet of the acrobat (around neck)
 A - an amulet of regeneration
 E - a ring of ice
Wands
 p - a wand of iceblast (8)
 q - a wand of flame (40)
Scrolls
 f - 2 scrolls of amnesia
 g - 4 scrolls of identify
 o - 2 scrolls of vulnerability {unknown}
 r - a scroll of fog {unknown}
 w - a scroll of enchant weapon {unknown}
 y - a scroll of enchant armour {unknown}
 C - a scroll of silence {unknown}
Potions
 c - 2 potions of degeneration
 j - 3 potions of flight
 l - 4 potions of curing
 s - a potion of lignification {unknown}
 t - a potion of cancellation {unknown}
 x - a potion of might {unknown}


   Skills:
 + Level 6.9 Fighting
 * Level 10.4 Axes
 + Level 5.9 Armour
 - Level 0.8 Dodging
 - Level 6.1 Stealth
 - Level 5.3 Hexes


You had 5 spell levels left.
You knew the following spells:

 Your Spells              Type           Power      Damage    Failure   Level
a - Corona                Hex            18%        N/A       3%          1
b - Summon Guardian Gole  Hex/Summ       8%         N/A       30%         3

Your spell library contained the following spells:

 Spells                   Type           Power      Damage    Failure   Level
 Animate Skeleton         Necr           0%         N/A       28%         1
 Apportation              Tloc           0%         N/A       28%         1
 Summon Small Mammal      Summ           0%         N/A       28%         1
 Sublimation of Blood     Necr           0%         N/A       41%         2
 Call Canine Familiar     Summ           0%         N/A       65%         3
 Petrify                  Tmut/Erth      0%         N/A       96%         4
 Irradiate                Conj/Tmut      0%         3d13      100%        5
 Conjure Ball Lightning   Conj/Air       0%         3x3d6     100%        6
 Discord                  Hex            8%         N/A       100%        8
 Disjunction              Tloc           0%         N/A       100%        8


Dungeon Overview and Level Annotations

Branches:
Dungeon (8/15)             Temple (0/1) D:6           Sewer (visited)
   Lair: D:8-11

Altars:
Ashenzari
Uskayaw
Vehumet
The Shining One

Shops:
D:1 ?   D:5 =*=

Annotations:
D:8 Gastronok


Innate Abilities, Weirdness & Mutations

You cannot be hasted, slowed, berserked, paralysed or teleported.
You can dig through walls and to a lower floor.
You have a pair of large antennae on your head. (SInv)
Your four strong arms can wield two-handed weapons with a shield.
You have a beak for a mouth.
You have sharp toenails.
Your flesh is very cold resistant. (rC++)
Your system is resistant to poisons. (rPois)


Message History

Gastronok the Ponderous comes into view.
He is wearing a +1 hat of intelligence. "Hum-dee-hum-dee-hum..."
Gastronok evaporates and reforms as a titan!
You are now a favourite toy of Xom.
Gastronok shouts!
Cleave: a) +9 broad axe "Ottub" {flame, rC+ SInv Stlth+}
Press: ? - help, Dir - move target, f - you
Okay, then.
Aiming: Iceblast
Press: ? - help, Shift-Dir - straight line, f - Gastronok
Aim: Gastronok the titan The mass of ice explodes!
The iceblast engulfs Gastronok!
Gastronok is lightly wounded.
You hear a bellow!
Aiming: Iceblast
Press: ? - help, Shift-Dir - straight line, f/p - Gastronok
Aim: Gastronok the titan (lightly wounded)
The mass of ice explodes!
The iceblast engulfs Gastronok.
Gastronok is lightly wounded.
Gastronok casts a spell at you. The bolt of lightning hits you!!
Gastronok gestures at you while chanting.
The bolt of lightning misses you.
You slash Gastronok! You burn Gastronok.
Gastronok is moderately wounded.
Gastronok points at you and mumbles some strange words.
The bolt of lightning hits you!!
You feel much better. Gastronok casts a spell at you.
The bolt of lightning hits you!!
You feel much better. Gastronok hits you!!
You slash Gastronok! You burn Gastronok.
Gastronok is moderately wounded.
Gastronok hits you!
* * * LOW HITPOINT WARNING * * *
You hit Gastronok. You burn Gastronok.
Gastronok is moderately wounded.
Gastronok hits you!!
You die...
Xom snickers!

#.......##.# #####......#
# ## ##...### # # .. #...#
# ##.##. #...# ### ......#
#...# #.. .......
#######...#####.#
.#.[...###...............#
........C@................
.#....####................
##.# #######...#####)) ..
#...# #.. # #...# #..
#...# #.. ....# #.. #..
###


You could see Gastronok the titan.

Vanquished Creatures
  The ghost of Flarelocke the Twirler, a novice DsGl of Uskayaw (D:5)
  Grinder (D:5)
  A dream sheep (shapeshifter) (D:6)
  A steam dragon (D:7)
  Menkaure (D:5)
  A black bear (D:5)
  2 ice beasts (D:7)
  A sky beast (D:7)
  3 ogres
  3 necrophages
  4 centaurs
  2 phantoms
  2 kobold brigands
  Blork the orc (D:5)
  2 bullfrogs (D:7)
  A wyvern zombie (D:8)
  2 scorpions
  A bullfrog zombie (D:3)
  3 jellies
  3 hounds
  3 orc priests
  A bullfrog skeleton (D:7)
  A centaur skeleton (D:7)
  3 iguanas
  Natasha (thrice) (D:2)
  A howler monkey zombie (D:8)
  3 gnolls (D:8)
  15 adders
  2 river rats (Sewer)
  A shadow imp (D:4)
  2 ufetubi
  An adder skeleton (D:5)
  A worm (D:2)
  A dart slug (D:2)
  12 orcs
  19 ball pythons
  10 endoplasms
  A giant cockroach (D:2)
  11 goblins
  9 hobgoblins
  5 jackals
  10 quokkas
  8 bats
  A frilled lizard (D:1)
  12 kobolds
  10 rats
182 creatures vanquished.

Notes
Turn   | Place    | Note
-------+----------+-------------------------------------------
     0 | D:1      | Vylera the Formicid Chaos Knight began the quest for the
                  | Orb.
     0 | D:1      | Reached XP level 1. HP: 18/18 MP: 1/1
    82 | D:1      | Reached XP level 2. HP: 24/24 MP: 2/2
    90 | D:1      | Reached skill level 1 in Stealth
   151 | D:1      | XOM: divination: detect creatures
   291 | D:1      | Learned a level 1 spell: Corona
   351 | D:1      | XOM: silly message
   389 | D:1      | Reached XP level 3. HP: 28/29 MP: 3/3
   443 | D:1      | Found Etunk's Magic Scroll Shoppe.
   592 | D:1      | XOM: silly message
   733 | D:2      | Reached XP level 4. HP: 25/37 MP: 4/4
  1011 | D:2      | Reached skill level 4 in Axes
  1037 | D:2      | Noticed Natasha
  1043 | D:2      | Killed Natasha
  1061 | D:2      | XOM: silly message
  1168 | D:2      | XOM: god gift: encrusted broad axe {god gift}
  1168 | D:2      | Identified the +9 broad axe "Ottub" {flame, rC+ SInv
                  | Stlth+} (Xom gifted it to you on level 2 of the Dungeon)
  1214 | D:2      | Noticed Natasha
  1264 | D:2      | Killed Natasha
  1265 | D:2      | Reached XP level 5. HP: 37/42 MP: 5/5
  1294 | D:2      | Found a faded altar of an unknown god.
  1411 | D:2      | XOM: cloud trail
  1427 | D:2      | XOM: summons 3 hostile demons
  1601 | D:2      | Noticed Natasha
  1606 | D:2      | XOM: potion effect (curing)
  1613 | D:2      | Killed Natasha
  1617 | D:2      | XOM: silly message
  1618 | D:2      | XOM: summons 3 hostile shadow creatures
  1655 | D:2      | XOM: give mutations
  1655 | D:2      | Gained mutation: Your flesh is cold resistant. (rC+) [Xom's
                  | grace]
  1655 | D:2      | Gained mutation: You have a beak for a mouth. [Xom's grace]
  1794 | D:2      | XOM is BORED!
  1812 | D:2      | XOM: torment (22/42 hp)
  2090 | D:3      | Reached skill level 5 in Axes
  2090 | D:3      | Reached XP level 6. HP: 41/48 MP: 6/6
  2436 | D:3      | XOM: polymorph kobold -> endoplasm
  2530 | D:3      | XOM: summons 4 hostile demons
  2660 | D:3      | XOM: scenery: 1 doors close
  2816 | D:3      | XOM: smoke on damage
  3220 | D:4      | Noticed an ogre
  3223 | D:4      | Reached skill level 6 in Axes
  3223 | D:4      | Reached XP level 7. HP: 47/54 MP: 7/7
  3252 | D:4      | XOM: scenery: summon butterflies
  3292 | D:4      | XOM: give mutations
  3292 | D:4      | Gained mutation: Your flesh is very cold resistant. (rC++)
                  | [Xom's grace]
  3292 | D:4      | Gained mutation: Your system is resistant to poisons.
                  | (rPois) [Xom's grace]
  3292 | D:4      | Gained mutation: You have sharp toenails. [Xom's grace]
  3333 | D:4      | Found a glowing golden altar of the Shining One.
  3472 | D:4      | Found a glowing drain.
  3476 | Sewer    | Entered a sewer
  3482 | Sewer    | Reached skill level 5 in Stealth
  3601 | Sewer    | Found a white marble altar of Elyvilon.
  3715 | D:4      | Reached skill level 7 in Axes
  3729 | D:4      | XOM: confuse monster(s)
  3733 | D:4      | XOM: confusion (+ monsters)
  3818 | D:4      | Reached XP level 8. HP: 60/60 MP: 8/8
  4109 | D:5      | Entered Level 5 of the Dungeon
  4311 | D:5      | Reached skill level 1 in Hexes
  4411 | D:5      | Noticed Blork the orc
  4412 | D:5      | Found Tokku's Assorted Antiques.
  4414 | D:5      | XOM: fog
  4418 | D:5      | Killed Blork the orc
  4419 | D:5      | Reached skill level 8 in Axes
  4427 | D:5      | Noticed Menkaure
  4432 | D:5      | Killed Menkaure
  4518 | D:5      | Found Gafulewk's Jewellery Shop.
  4520 | D:5      | Found Lusoh's Jewellery Emporium.
  4558 | D:5      | Noticed Grinder
  4573 | D:5      | Killed Grinder
  4574 | D:5      | Reached skill level 5 in Fighting
  4574 | D:5      | Reached XP level 9. HP: 64/68 MP: 9/9
  4683 | D:5      | XOM: silly message
  4821 | D:5      | Found a hide-covered altar of Uskayaw.
  4854 | D:5      | Found a runed translucent door.
  4858 | D:5      | Noticed Flarelocke's ghost (novice DsGl)
  4862 | D:5      | XOM: confuse monster(s)
  4864 | D:5      | XOM: divination: detect items
  4874 | D:5      | Killed Flarelocke's ghost
  4875 | D:5      | Reached skill level 9 in Axes
  5050 | D:5      | XOM: noise
  5454 | D:6      | Found a broken altar of Ashenzari.
  5470 | D:6      | Noticed a glowing shapeshifter
  5470 | D:6      | an iguana changed into a glowing shapeshifter
  5470 | D:6      | XOM: polymorph iguana -> glowing shapeshifter
  5472 | D:6      | Noticed a moth of wrath
  5472 | D:6      | a glowing shapeshifter changed into a moth of wrath
  5474 | D:6      | a moth of wrath changed into a dream sheep
  5852 | D:6      | Found a staircase to the Ecumenical Temple.
  5945 | D:7      | XOM: divination: magic mapping
  5946 | D:7      | Reached skill level 5 in Armour
  5950 | D:7      | Reached XP level 10. HP: 39/76 MP: 10/10
  5952 | D:7      | Reached skill level 5 in Hexes
  5955 | D:7      | Reached skill level 10 in Axes
  6071 | D:7      | XOM: divination: magic mapping
  6414 | D:7      | XOM: god gift: glowing glaive {god gift}
  6596 | D:5      | Bought a pair of heavily runed boots for 247 gold pieces
  6596 | D:5      | Identified the +1 pair of boots "Kocsiyvy" {Str+3 Dex+2
                  | Slay+2} (You bought it in a shop on level 5 of the Dungeon)
  6792 | D:8      | Learned a level 3 spell: Summon Guardian Golem
  6854 | D:8      | Found a radiant altar of Vehumet.
  6935 | D:8      | XOM: summons 4 hostile shadow creatures
  7250 | D:8      | Noticed Gastronok
  7252 | D:8      | XOM is BORED!
  7252 | D:8      | Noticed Gastronok
  7252 | D:8      | Gastronok changed into Gastronok the titan
  7252 | D:8      | XOM: polymorph Gastronok -> Gastronok the titan
  7264 | D:8      | Mangled by Gastronok the titan

Illustrated notes

Levels and vault maps discovered:
D:1:      mrwooster_arrival_statue_3, layout_rooms, serial_shops, shop
D:2:      layout_rooms, hellmonk_ecumenical_altar_prayer_group, uniq_natasha
D:3:      layout_basic, supply_closet_lemuel, minmay_snake_closets
D:4:      layout_basic, kennysheep_mini_moat, gup_sewer_entry_bowl
D:5:      layout_gridville, nicolae_uskayaw_suspiria, ebering_ghost_sewer_d,
          nicolae_wooded_promenade, uniq_menkaure, uniq_blork_the_orc,
          uniq_grinder
D:6:      layout_basic, nicolae_ashenzari_skybound, temple_hall_moat
D:7:      layout_rooms
D:8:      layout_loops_cross, vehumet_altar_wand_db, serial_shops,
          kennysheep_little_box, uniq_gastronok

Skill      XL: |  1  2  3  4  5  6  7  8  9 10 |
---------------+-------------------------------+-----
Stealth        | 1 2 3 4 5 6 |  6.1
Axes           | 4 5 6 7 8 9 10 | 10.4
Fighting       | 4 5 6 |  6.9
Hexes          | 2 4 5 |  5.3
Armour         | 3 5 |  5.9
Dodging        | |  0.8

Action                   |  1- 3 |  4- 6 |  7- 9 | 10-12 || total
-------------------------+-------+-------+-------+-------++-------
Melee: Hand axe          |    62 |    26 |       |       ||    88
       Broad axe         |       |   103 |   119 |    50 ||   272
       Peck              |       |     4 |    12 |     7 ||    23
       Kick              |       |       |    19 |     1 ||    20
 Abil: Dig               |       |       |     1 |       ||     1
Evoke: Wand              |       |       |     1 |     2 ||     3
  Use: Potion            |       |     1 |       |     3 ||     4
       Scroll            |       |     6 |       |       ||     6
 Stab: Sleeping          |       |    13 |    10 |     3 ||    26
       Confused          |       |       |     1 |       ||     1
Armor: Leather armour    |    23 |    36 |    25 |     9 ||    93
Dodge: Dodged            |    45 |    66 |    62 |    31 ||   204
